AoeStats
← Infadel

Arabia

509788628Analyzed
1v1 RM · 4d ago on Sep 28, 2026· 54m 47s· 2 players
Game mode
Random Map
Map size
Tiny (2 player)
Population
200
Speed
Normal
Resources
Standard
Victory
Conquest
Starting age
Dark Age
Ending age
Imperial Age
RankedLock teamsTeams togetherTeam positionsShared explorationLock speedFull tech treeHidden civsTurbo modeCheats
Victory
Defeat
🇮🇳 Vietnamese · India
1164
+18
🇨🇴 Italians · Colombia
1202
-18
Infadel
7:28 Loom
9:36 Feudal Age
10:15 Double-Bit Axe
18:30 Forging
19:06 Scale Barding Armor
20:49 Fletching
24:12 Castle Age
23:21 Bloodlines
23:18 Gold Mining
24:34 Light Cavalry
25:51 Iron Casting
28:27 Bow Saw
29:18 Stone Mining
29:22 Town Watch
30:17 Padded Archer Armor
34:52 Wheelbarrow
35:07 Elite Skirmisher
38:44 Horse Collar
39:55 Bodkin Arrow
41:32 Leather Archer Armor
43:09 Hand Cart
45:29 Thumb Ring
48:03 Imperial Age
45:57 Thumb Ring
47:28 Chain Barding Armor
48:06 Stone Shaft Mining
48:55 Bracer
49:26 Ring Archer Armor
48:18 Imperial Skirmisher
50:21 Ballistics
51:02 Chemistry
51:39 Plate Barding Armor
52:58 Elite Rattan Archer
Impeesa91
7:33 Loom
9:44 Feudal Age
12:02 Double-Bit Axe
13:20 Fletching
18:55 Horse Collar
23:17 Padded Archer Armor
26:28 Castle Age
26:13 Gold Mining
27:15 Bodkin Arrow
26:42 Crossbowman
28:53 Leather Archer Armor
30:14 Ballistics
30:06 Stone Mining
39:01 Thumb Ring
39:57 Stone Shaft Mining
39:58 Bow Saw
44:33 Imperial Age
43:03 Wheelbarrow
45:39 Arbalester
48:12 Chemistry
48:05 Conscription
47:53 Bracer
50:00 Bloodlines
49:52 Husbandry
50:09 Scale Barding Armor
50:20 Forging
50:22 Light Cavalry
52:28 Hussar
54:28 Chain Barding Armor
Connection lost

Rejoining the realm…

Still unreachable

The connection could not be restored.

Session expired

The server has moved on; the page needs a fresh start.